 Dungeon Crawl Stone Soup version 0.28-a0-674-gdaf460b524 (webtiles) character file.

Game seed: 13516580945944886603

430410 jdsmith2816 the Slayer (level 22, -14/220 HPs)
             Began as a Demonspawn Abyssal Knight on Oct 16, 2021.
             Was an Elder of Lugonu.
             Blown up by a lich (64 damage)
             ... with an orb of destruction
             ... on level 2 of the Depths on Oct 17, 2021.
             The game lasted 08:24:37 (59983 turns).

jdsmith2816 the Slayer (Demonspawn Abyssal Knight) Turns: 59983, Time: 08:24:38

Health: -14/220    AC: 37    Str: 25    XL:     22   Next: 51%
Magic:  37/37      EV: 13    Int: 16    God:    Lugonu [****..]
Gold:   2402       SH: 18    Dex: 16    Spells: 44/44 levels left

rFire   + . .      SeeInvis +   m - +4 morningstar (freeze)
rCold   . . .      Faith    .   h - +5 kite shield
rNeg    . . .      Spirit   .   e - +8 plate armour "Tach" {-Cast Will+++ Regen+}
rPois   +          Reflect  .   (helmet unavailable)
rElec   +          Harm     .   V - +0 cloak "Supluxee" {rElec Regen+}
rCorr   .          Rampage  .   H - +2 pair of gloves
Will    ++++.      NoCast   +   I - +2 pair of boots
Stlth   ..........              Z - amulet of Ycelunti {RegenMP Slay+3 SInv}
HPRegen 6.46/turn               Y - +4 ring of slaying
MPRegen 0.50/turn               b - ring of Nemelex Xobeh's Whim {rPois rF+ Str+6}

@: mighty, agile, hasted, very quick
A: horns 3, rugged brown scales 3, powered by death 3, powered by pain 3,
bedeviling, clever 1, no potion heal 1, subdued magic 1, noise suppression
}: 3/15 runes: serpentine, barnacled, abyssal
a: Renounce Religion, Depart the Abyss, Bend Space, Banish, Corrupt


You were on level 2 of the Depths.
You worshipped Lugonu.
Lugonu was greatly pleased with you.
You visited 9 branches of the dungeon, and saw 42 of its levels.
You visited the Abyss 3 times.
You visited 1 bazaar.
You also visited: Gauntlet and Volcano.

You collected 5294 gold pieces.
You spent 2892 gold pieces at shops.


Innate Abilities, Weirdness & Mutations

You have a pair of large horns on your head.
You are completely covered in rugged brown scales. (AC +3, +7% HP)
You regenerate a lot of health from kills.
You are powered by pain.
Your hexes are more powerful.
Your mind is acute. (Int +2)
Potions are less effective at restoring your health.
Your spells are a little easier to cast, but a little less powerful.
You passively dampen the noise of your surroundings.


   Skills:
 + Level 25.1 Fighting
 - Level 7.2(12.2) Axes
 - Level 15.3(16.0) Maces & Flails
 * Level 16.4 Armour
 - Level 2.0 Dodging
 + Level 13.2 Shields
 - Level 11.7 Spellcasting
 - Level 12.0 Invocations
 - Level 6.6 Evocations


You had 44 spell levels left.
You didn't know any spells.
Your spell library contained the following spells:

 Spells                   Type           Power      Damage    Failure   Level
 Animate Skeleton         Necr           14%        N/A       50%         1
 Apportation              Tloc           14%        N/A       50%         1
 Foxfire                  Conj/Fire      28%        2x1d5     50%         1
 Magic Dart               Conj           28%        1d4       50%         1
 Pain                     Necr           28%        1d5       50%         1
 Sandblast                Erth           14%        2d6       50%         1
 Summon Small Mammal      Summ           28%        N/A       50%         1
 Blink                    Tloc           N/A        N/A       63%         2
 Ensorcelled Hibernation  Hex/Ice        20%        N/A       63%         2
 Passwall                 Tmut/Erth      5%         N/A       63%         2
 Scorch                   Fire           14%        2d6       63%         2
 Searing Ray              Conj           14%        2d5       63%         2
 Slow                     Hex            10%        N/A       63%         2
 Static Discharge         Conj/Air       7%         N/A       63%         2
 Call Canine Familiar     Summ           7%         N/A       86%         3
 Confusing Touch          Hex            10%        N/A       86%         3
 Conjure Flame            Conj/Fire      7%         6-21      86%         3
 Frozen Ramparts          Ice            14%        1d3       86%         3
 Gell's Gravitas          Tloc           3%         N/A       86%         3
 Inner Flame              Hex/Fire       10%        N/A       86%         3
 Lesser Beckoning         Tloc           7%         N/A       86%         3
 Ozocubu's Armour         Ice            7%         N/A       86%         3
 Portal Projectile        Hex/Tloc       20%        N/A       86%         3
 Spider Form              Tmut/Pois      3%         N/A       86%         3
 Stone Arrow              Conj/Erth      14%        3d7       86%         3
 Summon Guardian Golem    Hex/Summ       10%        N/A       86%         3
 Teleport Other           Tloc           7%         N/A       86%         3
 Vampiric Draining        Necr           3%         2d6       86%         3
 Airstrike                Air            3%         N/A       99%         4
 Animate Armour           Summ/Erth      14%        N/A       99%         4
 Cause Fear               Hex            5%         N/A       99%         4
 Dispel Undead            Necr           7%         3d8       99%         4
 Flame Wave               Conj/Fire      7%         3d4       99%         4
 Fulminant Prism          Conj/Hex       5%         3d7       99%         4
 Ice Form                 Ice/Tmut       7%         N/A       99%         4
 Iskenderun's Mystic Bla  Conj/Tloc      7%         2d4       99%         4
 Leda's Liquefaction      Hex/Erth       5%         N/A       99%         4
 Petrify                  Tmut/Erth      7%         N/A       99%         4
 Sticky Flame             Conj/Fire      7%         2d3       99%         4
 Summon Ice Beast         Ice/Summ       7%         N/A       99%         4
 Summon Lightning Spire   Summ/Air       7%         N/A       99%         4
 Agony                    Necr           7%         N/A       100%        5
 Alistair's Intoxication  Tmut/Pois      4%         N/A       100%        5
 Blade Hands              Tmut           3%         N/A       100%        5
 Borgnjor's Vile Clutch   Necr/Erth      3%         N/A       100%        5
 Excruciating Wounds      Necr           3%         N/A       100%        5
 Fireball                 Conj/Fire      3%         3d4       100%        5
 Freezing Cloud           Conj/Ice/Air   3%         6-21      100%        5
 Lee's Rapid Deconstruct  Erth           3%         3d6*      100%        5
 Lightning Bolt           Conj/Air       3%         1d15      100%        5
 Manifold Assault         Tloc           7%         N/A       100%        5
 Metabolic Englaciation   Hex/Ice        5%         N/A       100%        5
 Summon Forest            Summ/Tloc      3%         N/A       100%        5
 Summon Mana Viper        Hex/Summ       10%        N/A       100%        5
 Dispersal                Tloc           3%         N/A       100%        6
 Eringya's Noxious Bog    Tmut/Pois      3%         N/A       100%        6
 Iron Shot                Conj/Erth      3%         9d2       100%        6
 Simulacrum               Ice/Necr       3%         N/A       100%        6
 Starburst                Conj/Fire      3%         6d3       100%        6
 Statue Form              Tmut/Erth      4%         N/A       100%        6
 Summon Cactus Giant      Summ           3%         N/A       100%        6
 Orb of Destruction       Conj           3%         9d1       100%        7
 Spellforged Servitor     Conj/Summ      3%         N/A       100%        7
 Storm Form               Tmut/Air       3%         N/A       100%        7
 Borgnjor's Revivificati  Necr           3%         N/A       100%        8
 Discord                  Hex            5%         N/A       100%        8
 Ignition                 Fire           3%         3d4       100%        8
 Lehudib's Crystal Spear  Conj/Erth      3%         10d3      100%        8
 Maxwell's Capacitive Co  Air            3%         ∞         100%        8

Inventory:

Hand Weapons
 m - a +4 morningstar of freezing (weapon)
 X - a +0 eveningstar of venom
Missiles
 o - 9 silver javelins (quivered)
Armour
 e - the +8 plate armour "Tach" (worn) {-Cast Will+++ Regen+}
   (You bought it in a shop in a bazaar)

   -Cast:     It prevents spellcasting.
   Regen:     It increases your rate of health regeneration.
   Will:      It greatly increases your willpower.
 h - a +5 kite shield (worn)
 H - a +2 pair of gloves (worn)
 I - a +2 pair of boots (worn)
 V - the +0 cloak "Supluxee" (worn) {rElec Regen+}
   (You found it in a Gauntlet)

   rElec:     It insulates you from electricity.
   Regen:     It increases your rate of health regeneration.
Jewellery
 b - the ring of Nemelex Xobeh's Whim (right hand) {rPois rF+ Str+6}
   (You took it off a minotaur in a Gauntlet)

   [ring of strength]

   Str:       It affects your strength (+6).
   rF:        It protects you from fire.
   rPois:     It protects you from poison.
 c - a ring of protection from cold
 f - a ring of fire
 B - an amulet of faith {!P}
 C - a ring of protection from cold
 L - a ring of flight
 M - the amulet "Aveodgh" {Will++ Regen+ Int-4}
   (You found it on level 6 of the Lair of Beasts)

   [amulet of regeneration]

   Int:       It affects your intelligence (-4).
   Regen:     It increases your rate of health regeneration.
   Will:      It greatly increases your willpower.
 Y - a +4 ring of slaying (left hand)
 Z - the amulet of Ycelunti (around neck) {RegenMP Slay+3 SInv}
   (You bought it in a shop on level 3 of the Vaults)

   [amulet of magic regeneration]

   It increases your rate of magic regeneration.
   Slay:      It affects your accuracy & damage with ranged weapons and melee
   (+3).
   SInv:      It lets you see invisible.
Wands
 i - a wand of flame (8)
 l - a wand of charming (18)
 s - a wand of digging (5)
 t - a wand of iceblast (22)
 A - a wand of acid (40)
 U - a wand of mindburst (22)
Scrolls
 a - a scroll of summoning
 n - 14 scrolls of teleportation {@r2}
 r - 7 scrolls of magic mapping
 x - 6 scrolls of fog
 K - 9 scrolls of identify {@r1}
 Q - 4 scrolls of fear
Potions
 g - 10 potions of magic
 j - 20 potions of curing {@q1}
 k - a potion of haste {@q3}
 p - 3 potions of mutation
 q - a potion of invisibility
 E - 2 potions of resistance
 G - 2 potions of might
Miscellaneous
 d - a box of beasts
 w - a phial of floods
 O - a condenser vane (inert)
 P - a piece from Xom's chessboard (15/15)

Dungeon Overview and Level Annotations

Branches:
Dungeon (15/15)            Temple (1/1) D:7            Lair (6/6) D:10
 Shoals (4/4) Lair:3        Snake (4/4) Lair:2        Slime (0/5) Lair:6
    Orc (2/2) D:10            Elf (3/3) Orc:2        Vaults (4/5) D:13
  Crypt (0/3) Vaults:3     Depths (2/4) D:15        Volcano (visited)
Gauntlet (visited)

Altars:
Ashenzari
Cheibriados
Dithmenos
Elyvilon
Fedhas
Gozag
Hepliaklqana
Kikubaaqudgha
Makhleb
Nemelex Xobeh
Okawaru
Qazlal
Ru
Sif Muna
Trog
Uskayaw
Vehumet
Wu Jian
Xom
Yredelemnul
Zin
The Shining One
Beogh
Lugonu

Shops:
D:9 (   Orc:1 =   Orc:2 ![[(==[[:   Elf:1 :=:   Elf:3 :   Vaults:3 =

Portals:
Hell: Depths:1 Depths:2
Abyss: Depths:1
Pandemonium: Depths:2
Ziggurat: Depths:2
Trove: Vaults:1 (show slimy rune of Zot)

Annotations:
D:9 corrupted
Lair:6 exclusion: 4 oklob plants
Snake:2 corrupted
Elf:3 corrupted
Abyss:1 Azrael, Erica, Nergalle, Snorg

.....##.#####...###.#.##.##......
....###...†......................
....##...........#...............
................###..............
...............##.##.............
..............##...##............
##...........##..C..##....[......
#......#######.......#######.....
.......# .......@..........#.....
.......# ....▒▒▒▒☼▒▒▒▒.....#.....
.......# . ▒....○°.▒▒....'.....
.......# ▒..#...#○○▒▒...#.....
.......# ▒.. ##.##..°▒▒..#..)..
......## ▒.. ##'##..°°▒▒.##....
.....## .. #...#...C°▒..##...
....## . #...##.##.▒...##.. #..##
..:....#..▒....##.


You could see a fire giant and a stone giant.


Message History

The white very ugly thing engulfs you.
* * * LOW HITPOINT WARNING * * *
The white very ugly thing freezes you!!
* * * LOW HITPOINT WARNING * * *
You focus on the pain.
You feel more agile all of a sudden.
The stone giant hits you but does no damage.
Use which ability? (? or * to list)
You can't do that.
Use which ability? (? or * to list)
You can't do that.
Use which ability? (? or * to list) Space bends around you!
You blink.
The tengu reaver is engulfed in freezing vapours.
You kill the tengu reaver!
Lugonu accepts your kill.
The lich conjures an orb of pure magic.
An orb of destruction comes into view.
A fire giant comes into view.
It is wielding a +3 great sword of flaming.
The fire giant shouts!
The lich gestures wildly while chanting.
The lich seems to speed up.
The fire giant gestures at you while chanting.
The bolt of fire hits you! You resist.
* * * LOW HITPOINT WARNING * * *
There is an open door here.
Something is blocking the doorway!
The orb of destruction hits you!!!
You die...

Skill      XL: |  1  2  3  4  5  6  7  8  9 10 11 12 13 14 15 16 17 18 19 20 21 22 |
---------------+-------------------------------------------------------------------+-----
Axes           | 2 3 4 5 7 |  7.2
Fighting       | 4 5 6 10 13 14 17 18 19 21 23 24 25 | 25.1
Shields        | 1 2 3 4 5 8 9 11 12 13 | 13.2
Invocations    | 5 6 9 10 11 12 | 12.0
Armour         | 2 5 7 9 12 15 16 | 16.4
Maces & Flails | 6 9 11 12 13 15 | 15.3
Spellcasting   | 3 6 8 9 11 | 11.7
Evocations     | 4 6 |  6.6
Dodging        | 2 |  2.0

Action                   |  1- 3 |  4- 6 |  7- 9 | 10-12 | 13-15 | 16-18 | 19-21 | 22-24 || total
-------------------------+-------+-------+-------+-------+-------+-------+-------+-------++-------
Melee: Hand axe          |    35 |       |       |       |       |       |       |       ||    35
       War axe           |    41 |   156 |    99 |       |       |       |       |       ||   296
       Whip              |       |       |   272 |   624 |  1337 |  1479 |       |       ||  3712
       Headbutt          |       |       |    79 |   183 |   402 |   584 |   569 |   112 ||  1929
       Morningstar       |       |       |       |       |       |   684 |  1919 |   322 ||  2925
       Eveningstar       |       |       |       |       |       |       |     4 |       ||     4
 Fire: Hunting sling     |       |       |     7 |     3 |     9 |     4 |       |       ||    23
Throw: Stone             |       |     4 |     6 |       |       |       |       |       ||    10
       Boomerang         |       |       |       |       |       |     1 |       |       ||     1
Invok: Bend Space        |       |       |    11 |     2 |     2 |     3 |     3 |     3 ||    24
       Banish            |       |       |       |    16 |     6 |    65 |    13 |       ||   100
       Corrupt           |       |       |       |     1 |       |     1 |     1 |       ||     3
       Depart the Abyss  |       |       |       |       |       |       |     1 |     1 ||     2
       Enter the Abyss   |       |       |       |       |       |       |     1 |     1 ||     2
Evoke: Wand              |       |       |     8 |     6 |     3 |    27 |    13 |     1 ||    58
       Box of beasts     |       |       |       |       |       |     1 |       |       ||     1
       Condenser vane    |       |       |       |       |       |       |     1 |     1 ||     2
  Use: Scroll            |     4 |     5 |     6 |     5 |    12 |    23 |    19 |       ||    74
       Potion            |       |     2 |     5 |       |     4 |    13 |     9 |     1 ||    34
 Stab: Invisible         |       |       |       |       |       |       |     2 |       ||     2
       Distracted        |       |       |       |       |       |       |     1 |       ||     1
Armor: Chain mail        |    36 |   108 |    32 |       |       |       |       |       ||   176
       Leather armour    |     1 |       |       |       |       |       |       |       ||     1
       Plate armour      |       |       |   108 |   309 |   589 |   743 |   802 |   171 ||  2722
       Pearl dragon scal |       |       |       |       |       |   454 |   145 |       ||   599
       Skin              |       |       |       |       |       |     1 |       |       ||     1
Dodge: Dodged            |    32 |   107 |   102 |   104 |   232 |   502 |   407 |    61 ||  1547
Block: Buckler           |     4 |    40 |    53 |    90 |   188 |   106 |       |       ||   481
       Kite shield       |       |       |       |       |       |   912 |  1200 |   213 ||  2325

Levels and vault maps discovered:
D:1:      lightli_molten_gateway, layout_basic
D:2:      layout_loops_cross, hellmonk_ecumenical_altar_watching_god
D:3:      layout_rooms, hangedman_decor_peaks_small, uniq_robin
D:4:      layout_rooms, ebering_ghost_disaster_area, kennysheep_cross_room
D:5:      layout_loops_cross
D:6:      layout_gridville, mainiacjoe_overflow_cross_hatched, vehumet_crystals,
          trog_book, nicolae_dithmenos_the_darkroom, amcnicky_altar_gilded,
          grunt_temple_overflow_open, uniq_edmund, uniq_prince_ribbit1,
          uniq_blork_the_orc
D:7:      layout_basic, minmay_temple_entry_purple_smoke
D:8:      layout_basic, lemuel_zombie_altar_yredelemnul, special_room
          [special_room_orc]
D:9:      layout_irregular_city, serial_shops,
          nicolae_shop_temple_entry_statues_fountains, uniq_joseph
D:10:     layout_rooms, lair_entry_dummy, orc_0_dummy, serial_glass,
          glass_columns_b, glass_columns_b, uniq_nergalle
D:11:     layout_grid_maze, portal_ice_cave_demonic_guard
D:12:     layout_basic, kennysheep_generic_room_4, uniq_urug
D:13:     layout_loops_cross, david_vaults_3, minmay_diamond_spiral,
          uniq_rupert, uniq_nessos, uniq_maurice, uniq_azrael
D:14:     layout_rooms, uniq_josephine, uniq_snorg
D:15:     grunt_enter_depths_hoard, layout_stronghold, gauntlet_entry_generic,
          uniq_agnes
Temple:   nicolae_temple_great_sept
Lair:1:   layout_regular_city, nicolae_volcano_entry_lava_flow,
          infiniplex_staircase_pool, grunt_megastairs_2, uniq_erica
Lair:2:   layout_cave_pods, guppyfry_snake_entry_garden, basic_altar, uniq_sonja
Lair:3:   layout_chaotic_city, minmay_shoals_entry_hut, minmay_lair_oklob_items,
          lemuel_fruit_fields
Lair:4:   layout_small_grid, kennysheep_basilisk_garden
Lair:5:   layout_layer_cave, chequers_serial_rivers_large_b, grunt_megastairs_1
Lair:6:   due_jungle_book, layout_regular_city,
          minmay_slime_entry_oklob_enclosed, serial_bayou_shore_b
Shoals:1: layout_shoals
Shoals:2: layout_shoals
Shoals:3: layout_shoals, uniq_polyphemus
Shoals:4: shoals_end_hangedman, layout_shoals, hangedman_feature_mirror,
          uniq_louise
Snake:1:  layout_layer_cave, nicolae_snake_dead_anacondas
Snake:2:  layout_honeycomb, lemuel_fruit_tree
Snake:3:  layout_misc_corridors, hellmonk_ghost_happy_afterlife
Snake:4:  minmay_snake_end_coiled, layout_gridlike
Orc:1:    layout_diamond_mine, serial_shops, nicolae_shop_waterfront,
          special_room [special_room_orc]
Orc:2:    st_orc_mages, layout_caves, serial_shops, shop, shop, shop, shop,
          nicolae_shop_crystal, david_defended_altar_orc
Elf:1:    layout_loops_corners, hangedman_corner_corridor, minmay_shop_grove,
          uniq_frances
Elf:2:    elven_hall_of_blades_hangedman_original
          [nicolae_blade_entry_hurt_lockers], layout_loops_corners,
          serial_shops, bzr_in_the_mist, portal_desolation_entry_salt,
          nicolae_elf_theology_debate, uniq_jorgrun
Elf:3:    elf_hall, layout_gridlike, serial_co_window_serial,
          co_window_of_opportunity_a, co_window_cross_1, co_window_corner_a,
          co_window_of_opportunity_a, co_window_paths_b, co_window_paths_b,
          co_window_cross_1, co_window_paths_c, co_window_unsneaky_path_a,
          co_window_cross_3, co_window_of_opportunity_c, co_window_paths_d,
          glass_columns_b, serial_shops, shop_statue, kilobyte_rumbling_trees
Vaults:1: grunt_vaults_focal, v_misc_10, v_misc_14, nicolae_vaults_angled_halls,
          ontoclasm_vaults_gallery, vaults_room_door_hall, v_misc_5,
          hangedman_vaults_trim, v_pattern_4, vaults_room_door_ring,
          layout_vaults_big_room, enter_trove_3
Vaults:2: nicolae_vaults_hallways_thing, hangedman_vaults_unwind, v_misc_26,
          nicolae_vaults_puzzle_piece, nicolae_vaults_network_s,
          nicolae_vaults_little_squares_3, layout_vaults_omnigrid, uniq_jory
Vaults:3: st_smaller_cells, nicolae_vaults_asterisk,
          minmay_crypt_entry_necro_gods, nicolae_vaults_arrows,
          vaults_room_large_hall, nicolae_vaults_little_squares_4,
          ontoclasm_vaults_chip, nicolae_vaults_little_squares_6,
          layout_vaults_omnicross, serial_shops, nicolae_shop_crystal,
          uniq_boris, uniq_frederick
Vaults:4: ontoclasm_vaults_fault, hangedman_vaults_snaps, v_alt_pattern_3,
          hangedman_vaults_capsules, st_squares, v_rooms_3,
          vaults_mumra_chevron, vaults_dpeg_cross, serial_ice_b, v_misc_33,
          ontoclasm_vaults_loading_screen, v_misc_22, v_misc_15,
          ontoclasm_vaults_twist, layout_vaults_ring, uniq_saint_roka
Vaults:5
Depths:1: layout_forbidden_donut, abyss_entry_flame_altar,
          pf_hell_entry_tar_spiral, minmay_misc_feat_more_columns,
          serial_bayou_lagoon_a, hangedman_decor_lopped, dk_noncrumbling_3,
          kennysheep_generic_room_16, grunt_megastairs_4
Depths:2: minmay_concentric_multi, layout_cave_shapes, enter_ziggurat_e,
          pan_entry, hell_entry, wad_floor_pattern_untrapped,
          minmay_metal_thing, infiniplex_staircase_door_maze, uniq_aizul

Notes
Turn   | Place    | Note
-------+----------+-------------------------------------------
     0 | Abyss:1  | jdsmith2816 the Demonspawn Abyssal Knight began the quest
                  | for the Orb.
     0 | Abyss:1  | Reached XP level 1. HP: 18/18 MP: 2/2
    12 | D:1      | You pass through the gate.
    12 | D:1      | Escaped the Abyss
    66 | D:1      | Reached skill level 2 in Axes
   214 | D:1      | Gained mutation: You are partially covered in rugged brown
                  | scales. (AC +1, +3% HP) [demonic ancestry]
   214 | D:1      | Reached XP level 2. HP: 17/24 MP: 3/3
  1110 | D:1      | Gained mutation: You sometimes gain a little power by
                  | taking damage. [demonic ancestry]
  1110 | D:1      | Reached XP level 3. HP: 14/29 MP: 4/4
  1374 | D:2      | Noticed a shining eye
  1376 | D:2      | Found a faded altar of an unknown god.
  1377 | D:2      | Noticed a golden eye
  1377 | D:2      | Noticed a floating eye
  1377 | D:2      | Noticed a shining eye
  1784 | D:2      | Reached ** piety under Lugonu
  1978 | D:3      | Reached skill level 4 in Fighting
  2347 | D:3      | Reached skill level 3 in Axes
  2347 | D:3      | Gained mutation: You regenerate a little health from kills.
                  | [demonic ancestry]
  2347 | D:3      | Reached XP level 4. HP: 37/38 MP: 5/5
  2448 | D:3      | Noticed Robin
  2463 | D:3      | Killed Robin
  2464 | D:3      | Reached skill level 1 in Shields
  2557 | D:3      | Gained mutation: You sometimes gain power by taking damage.
                  | [demonic ancestry]
  2557 | D:3      | Reached XP level 5. HP: 29/44 MP: 6/6
  3292 | D:4      | Found a large runed translucent door.
  3292 | D:4      | Found a large runed translucent door.
  3300 | D:4      | Reached skill level 5 in Fighting
  3300 | D:4      | Reached skill level 4 in Axes
  3300 | D:4      | Reached XP level 6. HP: 52/52 MP: 7/7
  3305 | D:4      | Noticed quinnr's ghost (amateur TeAE)
  3325 | D:4      | Reached skill level 2 in Shields
  3445 | D:4      | Reached *** piety under Lugonu
  3625 | D:5      | Entered Level 5 of the Dungeon
  3744 | D:5      | Reached XP level 7. HP: 57/58 MP: 8/8
  4268 | D:4      | Reached skill level 6 in Fighting
  4268 | D:4      | Reached skill level 5 in Axes
  4490 | D:4      | Killed quinnr's ghost
  4491 | D:4      | Reached skill level 3 in Shields
  4983 | D:6      | Noticed Blork the orc
  4993 | D:6      | Killed Blork the orc
  5029 | D:6      | Noticed Edmund
  5067 | D:5      | Killed Edmund
  5068 | D:5      | Gained mutation: You have a pair of small horns on your
                  | head. [demonic ancestry]
  5068 | D:5      | Reached XP level 8. HP: 3/66 MP: 5/9
  5429 | D:6      | Found a radiant altar of Vehumet.
  5544 | D:5      | Reached skill level 3 in Invocations
  5546 | D:5      | Reached skill level 6 in Axes
  5671 | D:5      | HP: 6/66 [ogre (10)]
  6122 | D:6      | Noticed a hornet
  6136 | D:6      | Paralysed by a hornet for 1 turns
  6137 | D:6      | Killed a hornet
  6138 | D:6      | Reached skill level 4 in Shields
  6138 | D:6      | Reached skill level 4 in Invocations
  6544 | D:6      | Noticed Prince Ribbit
  6554 | D:6      | Killed Prince Ribbit
  6555 | D:6      | Reached skill level 7 in Axes
  6555 | D:6      | Reached skill level 2 in Armour
  6555 | D:6      | Reached skill level 5 in Invocations
  6646 | D:6      | Found a broken altar of Ashenzari.
  6895 | D:6      | Found a bloodstained altar of Trog.
  7087 | D:6      | Found an opulent altar of Gozag.
  7091 | D:6      | Found a stormy altar of Qazlal.
  7190 | D:6      | Found a shadowy altar of Dithmenos.
  7557 | D:7      | Gained mutation: You are mostly covered in rugged brown
                  | scales. (AC +2, +5% HP) [demonic ancestry]
  7557 | D:7      | Reached XP level 9. HP: 63/73 MP: 13/13
  7636 | D:7      | Reached skill level 1 in Maces & Flails
  7636 | D:7      | Reached skill level 6 in Invocations
  7640 | D:7      | Got the Collected Works on the Traveller and Stolen Souls
  7678 | D:6      | Reached skill level 2 in Maces & Flails
  7896 | D:6      | Reached skill level 3 in Armour
  8150 | D:7      | Reached skill level 3 in Maces & Flails
  8258 | D:7      | You fall into a shaft and drop 3 floors!
  8258 | D:10     | Entered Level 10 of the Dungeon
  8261 | D:10     | Noticed a gargoyle
  8274 | D:9      | Found Taetow's Antique Weapon Boutique.
  8512 | D:7      | Found a staircase to the Ecumenical Temple.
  8534 | Temple   | Entered the Ecumenical Temple
  8771 | D:7      | Identified the +1 robe of Old and Reckless {Harm Will+++
                  | Int+5}
  8899 | D:8      | Reached skill level 4 in Maces & Flails
  9045 | D:8      | Reached **** piety under Lugonu
  9169 | D:8      | Reached skill level 4 in Armour
  9198 | D:8      | Reached skill level 5 in Maces & Flails
  9918 | D:8      | Noticed a boulder beetle
  9963 | D:8      | Killed a boulder beetle
  9964 | D:8      | Reached skill level 6 in Maces & Flails
  9964 | D:8      | Reached skill level 5 in Armour
  9964 | D:8      | Reached XP level 10. HP: 52/80 MP: 14/14
 10106 | D:8      | Found a basalt altar of Yredelemnul.
 10322 | D:9      | Bought a glowing hunting sling for 90 gold pieces
 10378 | D:9      | Noticed a two-headed ogre
 10380 | D:9      | Banished a two-headed ogre
 10381 | D:9      | Reached skill level 7 in Maces & Flails
 10738 | D:9      | Noticed Joseph
 10750 | D:9      | Killed Joseph
 10870 | D:9      | Noticed a tengu warrior
 10902 | D:9      | Banished a tengu warrior
 10903 | D:9      | Reached skill level 8 in Maces & Flails
 10903 | D:9      | Reached skill level 6 in Armour
 11117 | D:9      | Noticed a cyclops
 11121 | D:9      | Banished a cyclops
 11122 | D:9      | Reached skill level 9 in Maces & Flails
 11324 | D:9      | Reached skill level 7 in Armour
 11324 | D:9      | Gained mutation: You regenerate health from kills. [demonic
                  | ancestry]
 11324 | D:9      | Reached XP level 11. HP: 87/87 MP: 15/15
 11836 | D:9      | Corrupted D:9
 11836 | D:9      | Noticed a cacodemon
 11836 | D:9      | Noticed a large abomination
 11836 | D:9      | Noticed a tentacled starspawn
 11836 | D:9      | Noticed a tentacled starspawn
 11836 | D:9      | Noticed a thrashing horror
 11836 | D:9      | Noticed an eidolon
 11837 | D:9      | Noticed a rakshasa
 11839 | D:9      | Noticed a tentacled starspawn
 11842 | D:9      | Noticed a goliath frog
 11848 | D:9      | Noticed a necromancer
 12188 | D:10     | Noticed a white ugly thing
 12189 | D:10     | Banished a white ugly thing
 12190 | D:10     | Noticed Nergalle
 12191 | D:10     | Noticed a spectral orc warlord
 12263 | D:10     | Banished Nergalle
 12264 | D:10     | Reached skill level 10 in Maces & Flails
 12727 | D:10     | Found a staircase to the Orcish Mines.
 12751 | D:10     | Reached skill level 1 in Spellcasting
 12752 | D:10     | Noticed a two-headed ogre
 12764 | D:10     | Banished a two-headed ogre
 12765 | D:10     | Reached skill level 7 in Invocations
 12967 | D:10     | Found a staircase to the Lair.
 12995 | Lair:1   | Entered Level 1 of the Lair of Beasts
 13086 | Lair:1   | Found a dark tunnel.
 13096 | Volcano  | Entered a volcano
 13115 | Volcano  | Noticed a stone giant
 13157 | Lair:1   | Noticed Erica
 13425 | Lair:1   | Banished Erica
 13426 | Lair:1   | Reached skill level 2 in Spellcasting
 13565 | Lair:2   | Found a staircase to the Snake Pit.
 13623 | Lair:2   | Reached skill level 8 in Invocations
 13912 | Lair:1   | Reached skill level 11 in Maces & Flails
 13912 | Lair:1   | Reached skill level 3 in Spellcasting
 13912 | Lair:1   | Reached skill level 9 in Invocations
 13937 | Lair:1   | Banished a stone giant
 14740 | Lair:2   | Gained mutation: You are powered by pain. [demonic
                  | ancestry]
 14740 | Lair:2   | Reached XP level 12. HP: 88/93 MP: 19/19
 14825 | Lair:2   | Noticed Sonja
 15038 | Lair:2   | Killed Sonja
 15039 | Lair:2   | Reached skill level 7 in Fighting
 15300 | Lair:2   | Noticed a five-headed hydra
 15309 | Lair:2   | Killed a five-headed hydra
 15310 | Lair:2   | Reached skill level 10 in Invocations
 15400 | Lair:2   | Reached skill level 4 in Spellcasting
 15553 | Lair:2   | Found a hide-covered altar of Uskayaw.
 16101 | Lair:3   | Reached skill level 8 in Fighting
 16280 | Lair:3   | Noticed an eight-headed hydra
 16390 | Lair:3   | Killed an eight-headed hydra
 16391 | Lair:3   | Reached skill level 9 in Fighting
 16391 | Lair:3   | Reached skill level 5 in Spellcasting
 16544 | Lair:3   | Reached skill level 10 in Fighting
 16745 | Lair:3   | Reached skill level 6 in Spellcasting
 17513 | Lair:3   | Found a staircase to the Shoals.
 17863 | Lair:4   | Noticed a death yak
 17883 | Lair:4   | Reached XP level 13. HP: 67/110 MP: 22/22
 18046 | Lair:4   | Reached skill level 11 in Fighting
 18379 | Lair:5   | Reached skill level 7 in Spellcasting
 19189 | Lair:4   | Reached skill level 12 in Fighting
 20372 | Lair:5   | Reached skill level 8 in Spellcasting
 20392 | Lair:5   | Reached skill level 13 in Fighting
 20782 | Lair:5   | Identified the +9 falchion of Earthquakes {elec, Will+
                  | Dex+4 SInv}
 21130 | Lair:6   | Entered Level 6 of the Lair of Beasts
 21631 | Lair:6   | Reached ***** piety under Lugonu
 22031 | Lair:6   | Noticed a dire elephant
 22031 | Lair:6   | Noticed a dire elephant
 22031 | Lair:6   | Noticed a dire elephant
 22089 | Lair:6   | Reached XP level 14. HP: 97/124 MP: 26/26
 22231 | Lair:6   | Identified a potion of experience
 22234 | Lair:6   | Reached skill level 14 in Fighting
 22234 | Lair:6   | Reached skill level 9 in Spellcasting
 22234 | Lair:6   | Reached skill level 11 in Invocations
 22234 | Lair:6   | Gained mutation: You have a pair of horns on your head.
                  | [demonic ancestry]
 22234 | Lair:6   | Reached XP level 15. HP: 133/133 MP: 26/28
 22635 | Lair:6   | Found a staircase to the Slime Pits.
 22763 | Lair:6   | Reached skill level 15 in Fighting
 23655 | Lair:6   | Reached skill level 12 in Invocations
 23896 | Lair:6   | Reached skill level 10 in Spellcasting
 25118 | Lair:6   | Reached skill level 16 in Fighting
 25289 | Lair:6   | Identified the amulet "Aveodgh" {Will++ Regen+ Int-4}
 27018 | Orc:1    | Entered Level 1 of the Orcish Mines
 27359 | Orc:1    | Found Jehylat's Jewellery Shop.
 27567 | Orc:2    | Entered Level 2 of the Orcish Mines
 27567 | Orc:2    | Found a staircase to the Elven Halls.
 27771 | Orc:2    | Found Nosay's Armour Emporium.
 27827 | Orc:2    | Found Pivept's Antique Armour Emporium.
 27829 | Orc:2    | Found Gecuggan's Antique Armour Shop.
 27839 | Orc:2    | Bought an embroidered scarf for 248 gold pieces
 27871 | Orc:2    | Bought a +1 cloak of preservation for 198 gold pieces
 28123 | Orc:1    | Reached skill level 11 in Spellcasting
 28167 | Orc:2    | Reached skill level 17 in Fighting
 28188 | Orc:1    | Reached ****** piety under Lugonu
 28287 | Orc:2    | Found Hiqirrae's Distillery.
 28316 | Orc:2    | Bought a potion of heal wounds for 85 gold pieces
 28406 | Orc:1    | Gained mutation: You are completely covered in rugged brown
                  | scales. (AC +3, +7% HP) [demonic ancestry]
 28406 | Orc:1    | Reached XP level 16. HP: 140/150 MP: 31/31
 28754 | Orc:2    | Found Lofek Byops's Jewellery Shop.
 28754 | Orc:2    | Found Zacac's Armour Boutique.
 28755 | Orc:2    | Found Yskagud's Jewellery Boutique.
 28759 | Orc:2    | Found Kuagg's Antique Weapon Shop.
 28861 | Orc:2    | Found Ytaaj's Book Boutique.
 29600 | D:12     | Noticed Urug
 29619 | D:12     | Killed Urug
 30376 | D:12     | Reached skill level 18 in Fighting
 30471 | D:13     | Reached skill level 1 in Evocations
 30578 | D:13     | Found a gate to the Vaults.
 30584 | D:13     | Reached skill level 2 in Evocations
 31002 | D:13     | Noticed Nessos
 31010 | D:13     | Killed Nessos
 31071 | D:13     | Noticed Maurice
 31100 | D:13     | Killed Maurice
 31227 | D:13     | Noticed Azrael
 31234 | D:13     | Banished Azrael
 31436 | D:13     | Got Cerebov's Almanac of Flames
 31476 | D:13     | Noticed a tengu reaver
 31477 | D:13     | Banished a tengu reaver
 31478 | D:13     | Reached skill level 3 in Evocations
 31503 | D:13     | Noticed Rupert
 31557 | D:13     | Killed Rupert
 31955 | D:14     | Noticed Snorg
 31965 | D:15     | Entered Level 15 of the Dungeon
 31969 | D:15     | Banished Snorg
 32330 | D:15     | Found a gate leading to a gauntlet.
 32343 | Gauntlet | Entered a Gauntlet
 32343 | Gauntlet | Found a transporter.
 32343 | Gauntlet | Found a transporter.
 32343 | Gauntlet | Found a transporter.
 32344 | Gauntlet | Found a transporter.
 32347 | Gauntlet | Found a transporter.
 32347 | Gauntlet | Found a transporter.
 32359 | Gauntlet | Found a transporter.
 32361 | Gauntlet | Found a transporter.
 32373 | Gauntlet | Found a transporter.
 32379 | Gauntlet | Found a transporter.
 32395 | Gauntlet | Found a transporter.
 32399 | Gauntlet | Found a transporter.
 32670 | Gauntlet | Gained mutation: Potions are less effective at restoring
                  | your health. [a shining eye]
 32674 | Gauntlet | Gained mutation: Your magical capacity is low. (-10% MP) [a
                  | shining eye]
 32732 | Gauntlet | Identified the ring "Ozecac" {Str+4 Int+3 Dex+6 Slay-2}
 32757 | Gauntlet | Reached skill level 4 in Evocations
 32761 | Gauntlet | Identified the +0 cloak "Supluxee" {rElec Regen+}
 32809 | Gauntlet | Identified the ring of Nemelex Xobeh's Whim {rPois rF+
                  | Str+6}
 33076 | D:15     | Noticed Agnes
 33089 | D:15     | Killed Agnes
 33275 | D:15     | Reached skill level 5 in Shields
 33435 | D:15     | Found a staircase to the Depths.
 34100 | D:14     | Reached skill level 12 in Maces & Flails
 34105 | D:14     | Reached XP level 17. HP: 152/161 MP: 29/29
 34236 | D:14     | Reached skill level 19 in Fighting
 34277 | D:14     | Reached skill level 5 in Evocations
 34337 | D:14     | Noticed Josephine
 34340 | D:14     | Banished Josephine
 34341 | D:14     | Reached skill level 6 in Shields
 34633 | Snake:1  | Entered Level 1 of the Snake Pit
 35854 | Snake:1  | Reached skill level 7 in Shields
 35919 | Snake:1  | Reached skill level 6 in Evocations
 36986 | Snake:2  | Corrupted Snake:2
 36986 | Snake:2  | Noticed a bone dragon
 37556 | Snake:2  | Reached skill level 8 in Shields
 38590 | Snake:3  | Identified +0 pearl dragon scales
 38695 | Snake:3  | Noticed Lanoh's ghost (adept PaFi)
 38808 | Snake:3  | Reached skill level 13 in Maces & Flails
 38847 | Snake:3  | Found a runed translucent door.
 39005 | Snake:3  | Killed Lanoh's ghost
 39277 | Snake:4  | Entered Level 4 of the Snake Pit
 39584 | Snake:4  | Identified a potion of resistance
 40132 | Snake:4  | Gained mutation: You have a pair of large horns on your
                  | head. [demonic ancestry]
 40132 | Snake:4  | Reached XP level 18. HP: 138/173 MP: 19/30
 40184 | Snake:4  | Reached skill level 14 in Maces & Flails
 40672 | Snake:4  | Reached skill level 20 in Fighting
 41456 | Snake:4  | Got a serpentine rune of Zot
 41678 | Orc:2    | Bought a ring of flight for 262 gold pieces
 41800 | Shoals:1 | Entered Level 1 of the Shoals
 42745 | Shoals:2 | Reached skill level 15 in Maces & Flails
 43045 | Shoals:2 | Identified the +2 ring mail "Humiomn" {rN+ Dex+4}
 43691 | Shoals:3 | Noticed Polyphemus
 43767 | Shoals:3 | HP: 7/175 [merfolk aquamancer/ball of steam (35)]
 44050 | Shoals:3 | Reached skill level 21 in Fighting
 44272 | Shoals:3 | Killed Polyphemus
 44660 | Shoals:4 | Entered Level 4 of the Shoals
 45180 | Shoals:4 | Reached XP level 19. HP: 180/186 MP: 26/31
 45268 | Shoals:4 | Found a sparkling altar of Nemelex Xobeh.
 45412 | Shoals:4 | Reached skill level 22 in Fighting
 45741 | Shoals:4 | Noticed Louise
 45776 | Shoals:4 | Killed Louise
 46020 | Shoals:4 | Got a barnacled rune of Zot
 46457 | Vaults:1 | Entered Level 1 of the Vaults
 46868 | Orc:2    | Bought a ring of see invisible for 225 gold pieces
 46903 | Elf:1    | Entered Level 1 of the Elven Halls
 47028 | Elf:1    | Identified the -3 helmet "Jilask" {rF+++ Regen+ rCorr
                  | Int-2}
 47152 | Elf:1    | Found Diaroena's Book Boutique.
 47154 | Elf:1    | Found Etareola's Jewellery Emporium.
 47155 | Elf:1    | Found Atidghizo's Book Boutique.
 47529 | Elf:1    | Noticed Frances
 47542 | Elf:1    | Killed Frances
 47598 | Elf:1    | Reached skill level 23 in Fighting
 48080 | Elf:1    | Identified a scroll of acquirement
 48081 | Elf:1    | Acquired 441 gold pieces
 48164 | Elf:2    | Reached skill level 8 in Armour
 48170 | Elf:2    | Found a flickering gateway to a bazaar.
 48180 | Bazaar   | Entered a bazaar
 48219 | Bazaar   | Found Wetekk's Antique Armour Shoppe.
 48235 | Bazaar   | Found Xoehuecoty's Book Shoppe.
 48235 | Bazaar   | Found Fiecs's Armour Emporium.
 48307 | Bazaar   | Bought the +8 plate armour "Tach" {-Cast Will+++ Regen+}
                  | for 816 gold pieces
 48529 | Elf:2    | Found a runed translucent gate.
 48529 | Elf:2    | Found a runed translucent gate.
 48529 | Elf:2    | Found a runed translucent gate.
 48555 | Elf:2    | Found a crumbling gateway.
 48654 | Elf:2    | Identified a +1 robe of the Archmagi
 48654 | Elf:2    | Noticed Jorgrun
 48665 | Elf:2    | Killed Jorgrun
 48838 | Elf:2    | Reached skill level 9 in Armour
 48904 | Elf:2    | Found a corrupted altar of Lugonu.
 49093 | Elf:2    | Reached skill level 9 in Shields
 49690 | Elf:3    | Entered Level 3 of the Elven Halls
 49690 | Elf:3    | Found Naffab's Book Boutique.
 49754 | Elf:3    | Gained mutation: You regenerate a lot of health from kills.
                  | [demonic ancestry]
 49754 | Elf:3    | Reached XP level 20. HP: 199/199 MP: 32/32
 49893 | Elf:3    | Reached skill level 10 in Armour
 51085 | Elf:3    | Corrupted Elf:3
 51297 | Elf:3    | Found the +8 arc blade {discharge, rElec}
 51298 | Elf:3    | Identified the +5 broad axe "Fiujet" {venom, Str+4 Int+4}
 51313 | Elf:3    | Identified the +6 flail "Sustral" {flame, Will- Str+2
                  | Int+2}
 51319 | Elf:3    | Found the +9 staff of Olgreb {rPois∞}
 51323 | Elf:3    | Identified the +2 robe of Guaduun {Drain Dex+3 Archmagi}
 51331 | Elf:3    | Got the Compendium of the Armadillo
 51848 | Vaults:1 | Identified a +2 robe of the Archmagi
 51917 | Vaults:1 | Reached skill level 11 in Armour
 52084 | Vaults:1 | Reached skill level 10 in Shields
 52224 | Vaults:1 | Found a portal to a secret trove of treasure.
 53224 | Vaults:2 | Reached skill level 12 in Armour
 53429 | Vaults:2 | Noticed Jory
 53465 | Vaults:2 | Killed Jory
 53838 | Vaults:2 | Reached skill level 1 in Dodging
 53842 | Vaults:2 | Reached skill level 24 in Fighting
 54263 | Vaults:2 | Reached skill level 2 in Dodging
 54278 | Vaults:2 | Reached skill level 11 in Shields
 54406 | Vaults:2 | Gained mutation: Your hexes are more powerful. [demonic
                  | ancestry]
 54406 | Vaults:2 | Reached XP level 21. HP: 208/208 MP: 33/33
 54638 | Vaults:3 | Reached skill level 13 in Armour
 54655 | Vaults:3 | Noticed Frederick
 54671 | Vaults:3 | Killed Frederick
 54721 | Vaults:3 | Noticed Boris
 54757 | Vaults:3 | Killed Boris
 55384 | Vaults:3 | Found a staircase to the Crypt.
 55384 | Vaults:3 | Found an ancient bone altar of Kikubaaqudgha.
 55430 | Vaults:3 | Found a basalt altar of Yredelemnul.
 55503 | Vaults:3 | Found Lomaqel's Jewellery Shoppe.
 55509 | Vaults:3 | Bought the amulet of Ycelunti {RegenMP Slay+3 SInv} for 968
                  | gold pieces
 55657 | Vaults:3 | Reached skill level 14 in Armour
 56122 | Vaults:4 | Upgraded the game from 0.28-a0-664-gc179e30c89 to
                  | 0.28-a0-674-gdaf460b524
 56383 | Vaults:4 | Reached skill level 12 in Shields
 56410 | Vaults:4 | Noticed Saint Roka
 56421 | Vaults:4 | Killed Saint Roka
 57436 | Vaults:5 | Entered Level 5 of the Vaults
 57719 | Abyss:2  | Reached skill level 15 in Armour
 57882 | Abyss:3  | Paralysed by an air elemental for 1 turns
 57934 | Abyss:3  | Found a corrupted altar of Lugonu.
 57955 | Abyss:3  | Noticed a dread lich
 57967 | Abyss:3  | Killed a dread lich
 57977 | Abyss:3  | Found a transporter.
 58001 | Abyss:3  | HP: 19/209 [disintegration (31)]
 58003 | Abyss:3  | HP: 9/209 [lurking horror (7)]
 58004 | Abyss:3  | Gained mutation: You sometimes lose the ability to read
                  | scrolls when taking damage. [a cacodemon]
 58006 | Abyss:3  | Found a transporter.
 58007 | Abyss:3  | Got an abyssal rune of Zot
 58008 | Vaults:5 | You pass through the gate.
 58008 | Vaults:5 | Escaped the Abyss
 58009 | Vaults:5 | HP: 12/209 [vault guard (4)]
 58119 | Vaults:4 | Lost mutation: You sometimes lose the ability to read
                  | scrolls when taking damage. [potion of mutation]
 58119 | Vaults:4 | Lost mutation: Your magical capacity is low. (-10% MP)
                  | [potion of mutation]
 58119 | Vaults:4 | Gained mutation: Your mind is acute. (Int +2) [potion of
                  | mutation]
 58119 | Vaults:4 | Gained mutation: You passively dampen the noise of your
                  | surroundings. [potion of mutation]
 58119 | Vaults:4 | Gained mutation: Your spells are a little easier to cast,
                  | but a little less powerful. [potion of mutation]
 58408 | Depths:1 | Entered Level 1 of the Depths
 58418 | Depths:1 | Reached XP level 22. HP: 187/218 MP: 37/37
 58429 | Depths:1 | Found a corrupted altar of Lugonu.
 58430 | Depths:1 | Found a one-way gate to the infinite horrors of the Abyss.
 58860 | Depths:1 | Found a gateway to Hell.
 58902 | Depths:1 | Identified the +0 leather armour "Feskaov" {Harm +Inv rF-
                  | Slay-6}
 59350 | Depths:2 | Noticed Aizul
 59357 | Depths:2 | Killed Aizul
 59358 | Depths:2 | Reached skill level 25 in Fighting
 59388 | Depths:2 | Reached skill level 16 in Armour
 59403 | Depths:2 | Reached skill level 13 in Shields
 59552 | Depths:2 | Noticed Boris
 59563 | Depths:2 | Killed Boris
 59741 | Depths:2 | Found a gateway to a ziggurat.
 59846 | Depths:2 | Found a one-way gate leading to the halls of Pandemonium.
 59944 | Abyss:1  | Killed Josephine
 59957 | Depths:2 | You pass through the gate.
 59957 | Depths:2 | Escaped the Abyss
 59983 | Depths:2 | Blown up by a lich

Vanquished Creatures
  A dread lich (Abyss:3)
  Boris (twice) (Vaults:3 Depths:2)
  Frederick (Vaults:3)
  Saint Roka (Vaults:4)
  Jory (Vaults:2)
  Jorgrun (Elf:2)
  Rupert (D:13)
  A tentacled monstrosity (Depths:2)
  3 liches
  2 deep elf blademasters
  5 sphinxes
  Frances (Elf:1)
  A tentacled starspawn (Abyss:2)
  Polyphemus (Shoals:3)
  Agnes (D:15)
  A tengu reaver (Depths:2)
  The ghost of Lanoh the Sculptor of Flesh, an adept PaFi of Yredelemnul (Snake:3)
  4 nagarajas (Snake:4)
  5 deep elf sorcerers
  Aizul (Depths:2)
  2 fire giants
  10 vault wardens
  2 frost giants
  Louise (Shoals:4)
  3 war gargoyles
  4 stone giants
  12 ironbound preservers
  8 very ugly things
  Nessos (D:13)
  11 dire elephants
  2 deep elf annihilators
  4 deep elf demonologists (Elf:3)
  A spark wasp (Depths:2)
  A minotaur (Gauntlet)
  A red draconian (Abyss:2)
  3 deep elf death magi
  4 ettins
  Josephine (Abyss:1)
  A crystal guardian (Vaults:1)
  3 merfolk javelineers (Shoals:4)
  4 fire dragons
  5 yaktaur captains
  2 merfolk impalers
  A deep elf high priest (Vaults:1)
  2 salamander tyrants
  4 great orbs of eyes
  9 ironbound thunderhulks
  A rakshasa (Depths:1)
  4 boulder beetles
  19 naga warriors
  3 ice dragons
  9 hydras
  5 ironbound frosthearts
  15 vault guards
  5 peacekeepers
  3 catoblepae
  A ghost crab (Gauntlet)
  4 merfolk aquamancers
  3 spriggan air magi
  23 centaur warriors
  4 merfolk avatars
  An ogre mage (D:15)
  6 anacondas
  7 two-headed ogres
  A death knight (D:14)
  6 deep troll shamans
  2 deep troll earth magi
  20 death yaks
  A tengu warrior (Depths:2)
  Urug (D:12)
  A vampire mage (Abyss:2)
  25 dancing weapons
  3 shock serpents
  2 spriggan berserkers (Depths:2)
  13 naga sharpshooters
  4 orc high priests
  Sonja (Lair:2)
  A wretched star (Abyss:2)
  5 skeletal warriors
  20 deep elf knights
  6 hell knights (Depths:1)
  A fire crab (shapeshifter) (D:14)
  4 spectral death yaks
  A spatial maelstrom (Abyss:3)
  A spriggan druid (Elf:3)
  A titan skeleton (Depths:2)
  4 iron trolls (Depths:2)
  A salamander mystic (Snake:2)
  6 sea snakes
  2 glowing orange brains
  8 spectral anacondas
  4 anaconda zombies (Snake:1)
  3 flayed ghosts
  31 deep trolls
  2 naga ritualists
  An obsidian statue (Lair:6)
  27 harpies
  10 ironbound convokers
  5 lindwurms
  10 deep elf archers
  9 necromancers
  2 phantasmal warriors (D:14)
  6 anaconda skeletons (Snake:1)
  20 deep elf pyromancers
  7 wizards
  A frost giant zombie (Depths:2)
  An oklob plant (Lair:3)
  12 orc knights
  20 deep elf zephyrmancers
  A wolf spider (Lair:6)
  A stone giant zombie (Vaults:2)
  23 ugly things
  7 mana vipers
  A shining eye (Gauntlet)
  2 cyclopes
  5 orc sorcerers
  A fire giant zombie (Vaults:2)
  A tengu skeleton (Vaults:1)
  A salamander (shapeshifter) (D:14)
  A will-o-the-wisp (Abyss:3)
  11 manticores
  10 fauns
  A sphinx skeleton (Vaults:1)
  A stone giant skeleton (Vaults:1)
  8 salamanders
  Joseph (D:9)
  Maurice (D:13)
  A fire giant skeleton (Vaults:2)
  15 merfolk sirens
  23 elephants
  8 naga magi
  17 vault sentinels
  19 black mambas
  A rust devil (Abyss:3)
  An apocalypse crab (Abyss:3)
  4 water nymphs
  A guardian serpent (Elf:2)
  A yaktaur zombie (Vaults:2)
  10 cane toads
  3 gargoyles
  4 rime drakes
  A dire elephant skeleton (Lair:6)
  3 freezing wraiths
  2 anaconda simulacra (Snake:1)
  11 komodo dragons
  An ice devil (D:11)
  19 yaktaurs
  An elf skeleton (Vaults:1)
  A jumping spider (shapeshifter) (D:13)
  A human skeleton (Vaults:4)
  3 polar bears
  2 wolf spider simulacra
  7 wind drakes
  A troll (shapeshifter) (Vaults:1)
  6 trolls
  19 merfolk
  A hornet (shapeshifter) (Elf:1)
  2 saltlings (Elf:2)
  A hornet (D:6)
  Prince Ribbit (D:6)
  57 slime creatures
  13 snapping turtles
  2 large abominations (Abyss:3)
  4 raiju (Abyss:2)
  A stone giant simulacrum (Vaults:1)
  5 dream sheep (Lair:4)
  20 blink frogs
  A flying skull (Abyss:2)
  2 shadows
  An air elemental (Abyss:3)
  2 centaur simulacra
  4 vampires
  7 wraiths
  21 water elementals
  4 wyverns
  66 yaks
  9 basilisks
  8 fire elementals
  16 humans
  A fire bat (Abyss:3)
  4 steam dragons
  A spectral cane toad (Lair:6)
  Edmund (D:5)
  2 vampire mosquitoes (D:11)
  45 nagas
  A spatial vortex (Abyss:3)
  A swamp worm (shapeshifter) (D:13)
  5 wargs
  An acid dragon (D:13)
  The ghost of quinnr the Gusty, an amateur TeAE (D:4)
  7 water moccasins
  2 floating eyes (Gauntlet)
  4 hell hounds (D:13)
  A black bear (Elf:3)
  2 sky beasts
  47 orc warriors
  A necrophage (D:7)
  An ice dragon simulacrum (Gauntlet)
  13 ogres
  13 centaurs
  7 wolves
  2 elephant skeletons (Lair:6)
  A kobold brigand (D:9)
  Blork the orc (D:6)
  5 bullfrogs
  An ogre simulacrum (Vaults:4)
  A gnoll sergeant (D:10)
  2 human zombies (Vaults:4)
  3 earth elementals (Elf:1)
  2 scorpions
  2 cane toad simulacra (Lair:6)
  A glowing shapeshifter simulacrum (Depths:2)
  A water moccasin zombie (D:5)
  A water moccasin skeleton (D:4)
  An elephant simulacrum (Lair:6)
  5 wights
  11 killer bees
  An electric eel (Lair:1)
  2 small abominations (Abyss:2)
  2 howler monkeys
  A bullfrog zombie (D:5)
  2 human simulacra (Vaults:4)
  4 hounds
  6 centaur zombies
  A gnoll shaman (D:6)
  An iron imp (Abyss:1)
  31 orc priests
  5 jellies
  A bullfrog skeleton (D:3)
  A centaur skeleton (D:7)
  2 iguanas
  25 orc wizards
  A killer bee zombie (D:8)
  3 howler monkey zombies
  Robin (D:3)
  8 gnolls
  A howler monkey skeleton (D:4)
  7 adders
  A white imp (D:8)
  4 ufetubi
  3 dart slugs
  84 orcs
  3 ball pythons
  5 bats
  9 endoplasms
  2 giant cockroaches
  18 goblins
  7 hobgoblins
  7 kobolds
  A quokka (D:4)
  5 frilled lizards
  A rat (D:2)
  A tentacle (Shoals:1)
1531 creatures vanquished.

Vanquished Creatures (collateral kills)
  A mana viper (Snake:4)
  3 black mambas (Snake:4)
  2 nagas (Snake:4)
6 creatures vanquished.

Vanquished Creatures (others)
  2 deep elf master archers (Elf:3)
  A deep elf blademaster (Elf:3)
  A fire giant (Depths:1)
  3 deep elf sorcerers (Elf:3)
  2 deep elf elementalists (Elf:3)
  2 deep elf annihilators (Elf:3)
  3 deep elf demonologists (Elf:3)
  3 deep elf death magi (Elf:3)
  A naga warrior (Snake:2)
  A death yak (Lair:6)
  3 deep elf knights (Elf:2)
  A deep elf archer (Elf:2)
  A naga ritualist (Snake:2)
  A deep elf pyromancer (Elf:2)
  A guardian serpent (Snake:2)
  An unseen horror (D:9)
  2 nagas (Snake:2)
  An orc wizard (D:10)
  An orc (D:8)
  14 foxfires (Abyss:3)
  47 fungi
  A lurking horror (Abyss:3)
  153 plants
  13 starspawn tentacles (Abyss:2)
  16 tentacles
  24 withered plants
299 creatures vanquished.

Grand Total: 1836 creatures vanquished

Table legend: (Time is in decaauts)
 A = Elapsed time spent in this place.
 B = Non-inter-level travel time spent in this place.
 C = Inter-level travel time spent in this place.
 D = Time resting spent in this place.
 E = Time spent auto-exploring this place.
 F = Levels seen in this place.
 G = Mean time per level.
                   A        B        C        D        E       F      G
               +--------+--------+--------+--------+--------+-----+--------+
         Total |  58048 |  54125 |   3923 |   7095 |  30564 |  50 | 1161.0 |
       Dungeon |  19795 |  17605 |   2190 |   1580 |  11596 |  15 | 1319.7 |
        Temple |     85 |     85 |      0 |      0 |     63 |   1 |   85.0 |
          Lair |  12213 |  11571 |    642 |   3122 |   5998 |   6 | 2035.5 |
        Shoals |   4410 |   4259 |    151 |    424 |   2411 |   4 | 1102.5 |
     Snake Pit |   6356 |   6073 |    283 |    811 |   3058 |   4 | 1589.0 |
  Orcish Mines |   1984 |   1780 |    204 |    378 |    700 |   2 |  992.0 |
   Elven Halls |   4424 |   4264 |    160 |    234 |   2309 |   3 | 1474.7 |
        Vaults |   5991 |   5712 |    279 |    421 |   3317 |   5 | 1198.2 |
        Depths |   1456 |   1444 |     12 |     62 |    858 |   2 |  728.0 |
         Abyss |    593 |    593 |      0 |     61 |     23 |   5 |  118.6 |
        Bazaar |    172 |    172 |      0 |      0 |     88 |   1 |  172.0 |
       Volcano |     44 |     44 |      0 |      0 |      0 |   1 |   44.0 |
      Gauntlet |    518 |    518 |      0 |      0 |    141 |   1 |  518.0 |
               +--------+--------+--------+--------+--------+-----+--------+

Top non-repeatable levels by time:
  Lair:6: 3741 daAuts
 Snake:4: 2105 daAuts
     D:6: 2018 daAuts
     D:8: 1996 daAuts
     D:5: 1930 daAuts
  Lair:5: 1874 daAuts
   Elf:3: 1804 daAuts
 Snake:1: 1790 daAuts
  Lair:2: 1779 daAuts
     D:9: 1770 daAuts
    D:11: 1704 daAuts
  Lair:3: 1678 daAuts
  Lair:4: 1601 daAuts
 Snake:2: 1596 daAuts
Vaults:1: 1566 daAuts

Table legend:
 A = Non-vault XP
 B = Vault XP
 C = Vault XP percentage of total XP
 D = Non-vault monster count
 E = Vault monster count
 F = Vault count percentage of total count
                 A         B        C        D         E       F
            +---------+---------+-------+---------+---------+-------
      Total |  434163 |  303041 |  41.1 |    1070 |     535 |  33.3
            +---------+---------+-------+---------+---------+-------
        D:1 |      41 |       0 |   0.0 |      22 |       0 |   0.0
        D:2 |      18 |       0 |   0.0 |      10 |       0 |   0.0
        D:3 |     206 |      35 |  14.5 |      12 |      11 |  47.8
        D:4 |     333 |     154 |  31.6 |      22 |       1 |   4.3
        D:5 |     858 |     171 |  16.6 |      18 |       1 |   5.3
        D:6 |     757 |     370 |  32.8 |      11 |       2 |  15.4
        D:7 |     817 |       0 |   0.0 |      10 |       0 |   0.0
        D:8 |    1386 |     810 |  36.9 |      24 |      25 |  51.0
        D:9 |    6873 |     481 |   6.5 |      34 |       1 |   2.9
       D:10 |    3933 |     781 |  16.6 |      23 |       1 |   4.2
       D:11 |    6369 |     692 |   9.8 |      33 |       2 |   5.7
       D:12 |    8989 |    2490 |  21.7 |      25 |       7 |  21.9
       D:13 |    7989 |   13619 |  63.0 |      16 |      29 |  64.4
       D:14 |    8677 |    1788 |  17.1 |      18 |       5 |  21.7
       D:15 |   11857 |    4044 |  25.4 |      32 |       4 |  11.1
     Lair:1 |    1774 |    2241 |  55.8 |       8 |       4 |  33.3
     Lair:2 |    4842 |     944 |  16.3 |      13 |       2 |  13.3
     Lair:3 |   10885 |     845 |   7.2 |      40 |       2 |   4.8
     Lair:4 |    7321 |     783 |   9.7 |      22 |       4 |  15.4
     Lair:5 |   10565 |    5074 |  32.4 |      33 |      10 |  23.3
     Lair:6 |   15989 |   16204 |  50.3 |      36 |      30 |  45.5
   Shoals:1 |   12363 |       0 |   0.0 |      27 |       0 |   0.0
   Shoals:2 |   11555 |       0 |   0.0 |      23 |       0 |   0.0
   Shoals:3 |   24212 |    6193 |  20.4 |      50 |       8 |  13.8
   Shoals:4 |    8404 |   21909 |  72.3 |      18 |      35 |  66.0
    Snake:1 |   11202 |   12637 |  53.0 |      22 |      19 |  46.3
    Snake:2 |   20786 |       0 |   0.0 |      44 |       0 |   0.0
    Snake:3 |    3789 |    1353 |  26.3 |       8 |       1 |  11.1
    Snake:4 |   18743 |   21610 |  53.6 |      39 |      37 |  48.7
      Orc:1 |    6243 |    7072 |  53.1 |      53 |      39 |  42.4
      Orc:2 |    1027 |    3657 |  78.1 |      12 |      24 |  66.7
      Elf:1 |   15231 |    4765 |  23.8 |      26 |       9 |  25.7
      Elf:2 |   16593 |   34332 |  67.4 |      30 |      46 |  60.5
      Elf:3 |   15556 |   13951 |  47.3 |      25 |      17 |  40.5
   Vaults:1 |   25345 |   21788 |  46.2 |      30 |      33 |  52.4
   Vaults:2 |   25723 |   15645 |  37.8 |      43 |      21 |  32.8
   Vaults:3 |   30333 |   35168 |  53.7 |      47 |      35 |  42.7
   Vaults:4 |   15519 |   24103 |  60.8 |      32 |      40 |  55.6
   Depths:1 |   30502 |    5465 |  15.2 |      34 |       6 |  15.0
   Depths:2 |   20910 |   11751 |  36.0 |      24 |      12 |  33.3
    Abyss:1 |      44 |     931 |  95.5 |       1 |       1 |  50.0
    Abyss:2 |    6712 |       0 |   0.0 |      14 |       0 |   0.0
    Abyss:3 |    2892 |    5903 |  67.1 |       6 |       3 |  33.3
   Gauntlet |       0 |    3282 | 100.0 |       0 |       8 | 100.0
            +---------+---------+-------+---------+---------+-------
